[Event "*** Titled Tuesday Blitz"]
[Site "Chess.com"]
[Date "2020.05.12"]
[Round "1"]
[White "Bathory44"]
[Black "Nastya_Rakhmangulova"]
[Result "1-0"]
[WhiteElo "2587"]
[BlackElo "2270"]
[TimeControl "180+1"]
[EndTime "10:07:54 PDT"]
[Termination "Bathory44 won on time"]

1. e4 d5 2. exd5 Qxd5 3. Nc3 Qd6 4. d4 Nf6 5. Nf3 Bg4 6. h3 Bh5 7. g4 Bg6 8. Ne5 Nbd7 9. Nc4 Qe6+ 10. Ne3 h5 11. d5 Qe5 12. Qf3 hxg4 13. hxg4 Rxh1 14. Qxh1 Nxg4 15. Bh3 Ngf6 16. Bd2 O-O-O 17. O-O-O Ne4 18. Be1 Nxc3 19. Bxc3 Qe4 20. Bg2 Qa4 21. Kb1 Nc5 22. Rd4 Qa6 23. Rb4 e6 24. dxe6 fxe6 25. a3 c6 26. Qh3 Qe2 27. Qg3 Rd1+ 28. Ka2 Bxc2 29.
Qg4 Bb1+ 30. Ka1 Bf5+ 31. Nxd1 Bxg4 32. Ne3 Nd3 33. Rxg4 Nc1 34. Rf4 Nb3+ 35. Ka2 Qd3 36. Kxb3 a5 37. Rxf8+ Kd7 38. Rf7+ Ke8 39. Rxb7 a4+ 40.
Ka2 c5 41. Bc6+ Kf8 42. Bxg7+ Kg8 43. Bc3 c4 44. Bb5 Qe2 45. Bxc4 Qc2 46. Bxe6+ Kf8 47. Bb4+ Ke8 48. Bc4 Kd8 49. Rb5 Qc1 50. Rd5+ Kc8 51. Rd1 1-0

[Event "*** Titled Tuesday Blitz"]
[Site "Chess.com"]
[Date "2020.05.12"]
[Round "1"]
[White "AniJak"]
[Black "AndrewMaco"]
[Result "1-0"]
[WhiteElo "2238"]
[BlackElo "2539"]
[TimeControl "180+1"]
[EndTime "10:07:54 PDT"]
[Termination "AniJak won by checkmate"]

1. e4 c5 2. Nc3 d6 3. g3 Nc6 4.
Bg2 g6 5. d3 Bg7 6. Nh3 e5 7. O-O Nge7 8. f4 O-O 9. f5 gxf5 10.
Qh5 f6 11. exf5 Qe8 12. Qxe8 Rxe8 13. g4 Rd8 14. Nd5 Nxd5 15. Bxd5+ Kf8 16. c3 Ne7 17. Bg2 d5 18. Be3 b6 19. d4 cxd4 20. cxd4 h5 21. dxe5 hxg4 22. exf6 Bxf6 23. Nf4 Nxf5 24. Nxd5 Bxb2 25.
Rab1 Be5 26. Bg5 Rd6 27. Ne7 Bd4+ 28. Kh1 Rb8 29. Nxf5 Bxf5 30. Rxf5+ Kg7 31. Rbf1 Re8 32. Rf7+ Kg6 33. Be7 Re6 34. Bb4 Re2 35. R7f4 Be5 36. Rxg4+ Kh5 37. Rc4 Kh6 38. Rc6+ Kh7 39. h3 Kh8 40. Rc4 Rxa2 41. Rh4+ Kg7 42. Be1 Rc2 43. Rg4+ Kh6 44. Bh4 Rc6 45. Bg5+ Kh5 46. Bxc6 Bd4 47. Bxe8# 1-0

[Event "*** Titled Tuesday Blitz"]
[Site "Chess.com"]
[Date "2020.05.12"]
[Round "1"]
[White "Mikedannnn"]
[Black "WonderChampion"]
[Result "1-0"]
[WhiteElo "2471"]
[BlackElo "1863"]
[TimeControl "180+1"]
[EndTime "10:07:54 PDT"]
[Termination "Mikedannnn won by checkmate"]

1. e4 c5 2. Nf3 g6 3. c3 Nf6 4.
e5 Nd5 5. Bc4 Nb6 6. Bb3 c4 7. Bc2 d6 8. d4 cxd3 9. Bxd3 dxe5 10.
Nxe5 Bg7 11. Bb5+ Bd7 12. Nxd7 N8xd7 13. O-O O-O 14. Qe2 a6 15. Bd3 Nc5 16. Bc2 Qc7 17. Nd2 Rac8 18. Nb3 Nxb3 19. axb3 Rfd8 20. b4 Nc4 21.
Bb3 Nd6 22. Bf4 Qb6 23. Qxe7 Bf8 24. Qe2 Re8 25. Qf3 Nf5 26. Bc2 Ne7 27. Be3 Qc6 28. Be4 Qc7 29. Bxb7 Rb8 30. Bxa6 Qd7 31. Rfd1 Qe6 32. Bd3 Nc6 33. Ra6 Ne5 34. Qe2 Qc8 35. Bb5 Rd8 36. Rxd8 Qxd8 37. Bd4 Nd7 38. Ra7 Nb6 39. g3 Nd5 40. Bc4 Nb6 41. Bb3 Be7 42. Qxe7 Qxe7 43. Rxe7 Rf8 44. Bxb6 Kg7 45. Bd4+ Kg8 46.
Bc5 Kg7 47. Rd7 Kg8 48. Bxf8 Kxf8 49. Rxf7+ Ke8 50. Rxh7 Kd8 51. b5 Kc8 52. b6 Kb8 53.
h4 Kc8 54. Rg7 Kb8 55. g4 Kc8 56. h5 Kb8 57. h6 Kc8 58. h7 Kb8 59. h8=Q# 1-0

[Event "*** Titled Tuesday Blitz"]
[Site "Chess.com"]
[Date "2020.05.12"]
[Round "1"]
[White "awesomevishesh"]
[Black "IMTominho"]
[Result "0-1"]
[WhiteElo "2432"]
[BlackElo "2836"]
[TimeControl "180+1"]
[EndTime "10:07:55 PDT"]
[Termination "IMTominho won by resignation"]

1. d4 d5 2. c4 c6 3. Nf3 Nf6 4. e3 a6 5. Bd3 g6 6. O-O Bg7 7. Nc3 O-O 8. b3 c5 9. cxd5 Nxd5 10. Bb2 Nc6 11. Nxd5 Qxd5 12. Bc4 Qd8 13. Qe2 b5 14. Bd3 cxd4 15. exd4 Bb7 16. Be4 Na5 17. d5 Bxb2 18. Qxb2 Rc8 19. Rad1 Ba8 20. Rfe1 Nb7 21. h4 Nd6 22.
Bb1 Qc7 23. h5 Rfe8 24. Qd4 Qc3 25. Qf4 Qf6 26. Qxf6 exf6 27. Rxe8+ Rxe8 28. Kf1 Kg7 29. hxg6 hxg6 30. Nd4 Rc8 31. Ne2 Rc5 32. Nf4 b4 33. g4 Kf8 34. f3 Ke7 35. Ke2 g5 36. Nh5 Bxd5 37. Ng3 Be6 38. Ne4 Nxe4 39. Bxe4 a5 40. Rd2 Rc3 41. Rd3 Rc2+ 42. Rd2 Rxd2+ 43. Kxd2 Kd6 44.
Kd3 Ke5 45. Ke3 f5 46. gxf5 Bxf5 47. Bb7 Bb1 48. Bc8 Bxa2 49. Ba6 Bxb3 0-1

[Event "*** Titled Tuesday Blitz"]
[Site "Chess.com"]
[Date "2020.05.12"]
[Round "1"]
[White "A-Fier"]
[Black "LogoCzar"]
[Result "0-1"]
[WhiteElo "2759"]
[BlackElo "2427"]
[TimeControl "180+1"]
[EndTime "10:07:56 PDT"]
[Termination "LogoCzar won by resignation"]

1. d4 d5 2. c4 c6 3. cxd5 cxd5 4.
Bf4 Nc6 5. e3 Nf6 6. Nc3 a6 7. Be2 Bf5 8. g4 Bg6 9. h4 h5 10. g5 Ne4 11. Nxe4 Bxe4 12. f3 Bg6 13.
Nh3 e6 14. Kf2 Bd6 15. Bxd6 Qxd6 16. Nf4 O-O 17. Rc1 Rad8 18. Qd2 e5 19. dxe5 Qxe5 20. Rc5 Rfe8 21. Rd1 Qe7 22. Rxd5 Rxd5 23. Nxd5 Qc5 24. Qc3 Qa7 25. Nf4 Qb8 26. Bc4 Ne5 27. Bd5 Rc8 28. Qb3 Bc2 29. Qb6 Bxd1 30. g6 Nd3+ 31. Kg3 Nxf4 32.
Bxf7+ Kh8 33. exf4 Qc7 34. Qd4 Qc5 35. Qxd1 Qb6 36.
b3 Rd8 37. Qe1 Qd4 38. f5 Qd6+ 39. Kh3 Qf4 40. Qe4 Qxe4 41. fxe4 Rd3+ 42. Kg2 Rd2+ 43.
Kf3 Rxa2 44. e5 Rh2 45. e6 Rh3+ 46. Kf4 Rxh4+ 47. Kg5 Re4 48. f6 Re5+ 49. Kf4 gxf6 50. Kg3 Kg7 51. Kh4 b5 0-1

[Event "*** Titled Tuesday Blitz"]
[Site "Chess.com"]
[Date "2020.05.12"]
[Round "1"]
[White "OK97"]
[Black "vanyakuba"]
[Result "1-0"]
[WhiteElo "2765"]
[BlackElo "2403"]
[TimeControl "180+1"]
[EndTime "10:07:56 PDT"]
[Termination "OK97 won on time"]

1. e4 d5 2. exd5 Qxd5 3. Nc3 Qa5 4. Bc4 Nf6 5. d3 Bg4 6. f3 Bd7 7. Bd2 Qb6 8. Qe2 e6 9. O-O-O Nc6 10. Be3 Nd4 11.
Qf2 c5 12. Nge2 Nxe2+ 13. Qxe2 Qa5 14. Kb1 b5 15. Bb3 Be7 16. g4 b4 17. Ne4 Bc6 18. h4 Nd5 19. Bd2 O-O-O 20. Ng5 Be8 21. f4 h6 22. Nf3 Qc7 23. Ne5 a5 24. Rhe1 a4 25. Bc4 Kb8 26. h5 Ka8 27. Ka1 Bf6 28. Qe4 Ka7 29. d4 Be7 30. f5 Nb6 31. dxc5 Bxc5 32. fxe6 fxe6 33. Bxe6 Bb5 34. Nf7 Rhe8 35. Nxd8 Rxd8 36. Bxb4 Bxb4 37. Qxb4 Rxd1+ 38. Rxd1 Be8 39. Qa5+ Kb8 40. Bf5 Bc6 41. Qb4 Ka7 42. a3 1-0

[Event "*** Titled Tuesday Blitz"]
[Site "Chess.com"]
[Date "2020.05.12"]
[Round "1"]
[White "Drags95"]
[Black "Savva09022009"]
[Result "1-0"]
[WhiteElo "2742"]
[BlackElo "2390"]
[TimeControl "180+1"]
[EndTime "10:07:56 PDT"]
[Termination "Drags95 won by resignation"]

1. d4 Nf6 2. Nf3 e6 3. c4 d5 4. Nc3 c6 5. e3 Be7 6. Be2 O-O 7. O-O Nbd7 8. b3 b6 9. Qc2 Bb7 10. Bb2 Re8 11. Rad1 Rc8 12. e4 dxe4 13. Nxe4 Nxe4 14. Qxe4 Nf6 15. Qc2 Qc7 16. c5 b5 17. Ne5 Rcd8 18.
Bf3 Bf8 19. Rfe1 g6 20. Bc1 Bg7 21. Bf4 Qc8 22. Qc1 Nd7 23. Ng4 Rf8 24. Bd6 Nf6 25.
Nxf6+ Bxf6 26. Bxf8 Kxf8 27. Qf4 Bg7 28. h4 h5 29. Re4 Qd7 30. b4 Qe7 31. g3 Qf6 32. Qxf6 Bxf6 33. Rf4 Ke7 34. a4 bxa4 35. b5 Rc8 36. Ra1 Ba8 37. bxc6 Bxc6 38. Bxc6 Rxc6 39. Rxa4 Rc7 40. Rf3 Bg7 41. Rb3 Kd7 42. Kg2 Kc6 43. Kf3 Kd5 44. Ke3 e5 45. dxe5 Bxe5 46. Rb5 f5 47.
c6+ Kd6 48. Rba5 Re7 49. Kf3 Kxc6 50. Rxa7 Re6 51. R7a6+ Kd5 52. R4a5+ 1-0

[Event "*** Titled Tuesday Blitz"]
[Site "Chess.com"]
[Date "2020.05.12"]
[Round "1"]
[White "Skatchkov_V"]
[Black "hongnhung1234"]
[Result "1-0"]
[WhiteElo "2559"]
[BlackElo "2231"]
[TimeControl "180+1"]
[EndTime "10:07:56 PDT"]
[Termination "Skatchkov_V won by checkmate"]

1. d4 f5 2. Nf3 Nf6 3. g3 g6 4.
Bg2 Bg7 5. O-O O-O 6. c4 d6 7. Nc3 Qe8 8. b3 c6 9. Bb2 Na6 10. Qc2 e5 11. dxe5 dxe5 12. Rad1 h6 13. e4 Nxe4 14.
Nxe4 fxe4 15. Qxe4 Nc5 16. Qe3 Bg4 17. Qxc5 Bxf3 18. Bxf3 Rxf3 19. Rfe1 Rd8 20. Rxd8 Qxd8 21. Bxe5 Qd2 22. Rf1 Bf8 23. Qd4 Qxd4 24. Bxd4 a6 25. Be3 Rf5 26. Rd1 g5 27. Rd8 Kf7 28. Rd7+ Ke6 29. Rxb7 Ra5 30. a4 Re5 31. Rb6 Kd7 32.
Rxa6 Bb4 33. Ra7+ Ke6 34. Rh7 Kf5 35. Rxh6 c5 36. Kg2 Ke4 37. Rd6 Rf5 38. Rd5 Rxd5 39. cxd5 Kxd5 40. Bxg5 Kd4 41. Be7 Kc3 42. a5 Bxa5 43.
Bxc5 Kxb3 44. h4 Kc4 45. Be3 Kd5 46. h5 Bc3 47. g4 Ke6 48. f4 Kf6 49. Kf3 Kg7 50.
Ke4 Kh6 51. Kf5 Bg7 52. Bc5 Kh7 53. g5 Bc3 54. Be7 Bg7 55. Bf6 Bf8 56. Ke6 Kg8 57.
g6 Bh6 58. f5 Bf8 59. Bd4 Bh6 60. f6 Bg7 61. f7+ Kf8 62. Bc5# 1-0

[Event "*** Titled Tuesday Blitz"]
[Site "Chess.com"]
[Date "2020.05.12"]
[Round "1"]
[White "plumalka"]
[Black "MITerryble"]
[Result "0-1"]
[WhiteElo "2433"]
[BlackElo "2840"]
[TimeControl "180+1"]
[EndTime "10:07:57 PDT"]
[Termination "MITerryble won by resignation"]

1. e4 e6 2. d4 d5 3. Nc3 Nf6 4.
Bg5 Bb4 5. e5 h6 6. Be3 Ne4 7.
Qg4 Kf8 8. a3 Bxc3+ 9. bxc3 Nxc3 10. Bd3 c5 11. dxc5 Nc6 12. f4 Qa5 13. Ne2 Ne4+ 14.
Kf1 Nxc5 15. Kf2 b6 16. Rhd1 Ba6 17. Kg1 Bxd3 18. cxd3 d4 19. Bxd4 Nb3 20. Bc3 Qa4 21.
Rab1 Rd8 22. d4 Qc4 23. Qf3 Kg8 24. f5 Ncxd4 25. Nxd4 Nxd4 26. Rxd4 Rxd4 27. Rb4 Rd1+ 28. Qxd1 Qxc3 29. fxe6 fxe6 30. Rg4 Qxe5 31. h3 Kh7 32. Qd7 a5 33. Qf7 Rd8 34. Qg6+ Kh8 35. Rg3 Rc8 36. Kh2 Rf8 37. Kg1 b5 38. Qg4 Rc8 39. Qg6 b4 40. axb4 axb4 41. h4 Rc1+ 42. Kh2 Rc8 43. Kh3 Rb8 44. Kh2 b3 45. Qb1 b2 46.
Kh3 Rb7 47. Rf3 Qb8 48. g4 Rb3 49. Kg2 Qb7 50. Qf1 Qxf3+ 51. Qxf3 Rxf3 52. Kxf3 b1=Q 53. Kf4 Qb5 0-1

[Event "*** Titled Tuesday Blitz"]
[Site "Chess.com"]
[Date "2020.05.12"]
[Round "1"]
[White "vladimir_petrov"]
[Black "Nikolaj_6"]
[Result "1-0"]
[WhiteElo "2308"]
[BlackElo "2582"]
[TimeControl "180+1"]
[EndTime "10:07:57 PDT"]
[Termination "vladimir_petrov won by resignation"]

1. e4 c5 2. Nf3 d6 3. d4 cxd4 4.
Nxd4 Nf6 5. Nc3 a6 6. Be3 e5 7.
Nb3 Be6 8. h3 h5 9. f4 exf4 10.
Bxf4 Nc6 11. Qe2 h4 12. O-O-O Nh5 13. Bh2 Ng3 14. Bxg3 Qg5+ 15. Kb1 Qxg3 16. Nd4 Nxd4 17. Rxd4 Be7 18. Nd5 Bd8 19. Rb4 b5 20. c4 O-O 21.
cxb5 Bxd5 22. exd5 axb5 23. Rg4 Qe5 24. Qxe5 dxe5 25.
Bxb5 f5 26. Rc4 e4 27. Bd7 g6 28. Be6+ Kg7 29. a4 Bf6 30. b3 Rfb8 31. Ka2 Be5 32. Rhc1 Kf6 33. Rc6 Kg5 34. Bf7 Bf6 35. Re6 Rf8 36.
Rc7 Ra5 37. Ka3 Rxd5 38. Rxf6 Rd2 39. Rxg6+ Kf4 40. Bc4 e3 41. Re7 Rf2 42. a5 Rd8 43. Rge6 Rxg2 44. Rxe3 Rdd2 45. a6 Ra2+ 46. Kb4 Rg3 47.
R3e5 Rxh3 48. Ra5 Rxa5 49. Kxa5 Rh1 50. a7 Ra1+ 51. Kb6 h3 52. Ba6 h2 53. a8=Q h1=Q 54.
Qxh1 Rxh1 55. b4 Kg3 56. Bb7 Rb1 57. b5 f4 58. Rf7 Rb3 59. Bc6 Rb2 60. Kc7 Rb3 61.
b6 f3 62. Rxf3+ 1-0

[Event "*** Titled Tuesday Blitz"]
[Site "Chess.com"]
[Date "2020.05.12"]
[Round "1"]
[White "GodDMuhammad"]
[Black "MartinCerveny"]
[Result "1-0"]
[WhiteElo "2261"]
[BlackElo "2561"]
[TimeControl "180+1"]
[EndTime "10:07:57 PDT"]
[Termination "GodDMuhammad won by resignation"]

1. f4 d5 2. Nf3 Nf6 3. g3 g6 4. d3 Bg7 5. Bg2 O-O 6. c3 c6 7. Qc2 Bg4 8. Nbd2 Nbd7 9. h3 Bxf3 10. Bxf3 e5 11. e4 exf4 12. gxf4 dxe4 13. dxe4 Nh5 14.
Nf1 Nc5 15. Bxh5 Qh4+ 16. Ke2 Qxh5+ 17. Kf2 Rad8 18. Be3 Nd3+ 19. Kg2 Qh4 20. Kf3 Ne1+ 21. Rxe1 Qxe1 22. Ng3 Qxh1+ 23. Nxh1 b6 24. h4 h5 25. f5 Rfe8 26. Ng3 Be5 27. Bf4 c5 28. Bxe5 Rxe5 29. fxg6 fxg6 30. Qb3+ Kg7 31. Qa4 Rd3+ 32. Kf4 Re7 33. Qc6 Rf7+ 34. Nf5+ gxf5 35. exf5 Rdd7 36. Qg6+ Kf8 37. Qxh5 Ke7 38. Ke5 Kd8 39. f6 Kc7 40. Ke6 Rf8 41. Qh6 Rd6+ 42. Kf5 Rd5+ 43. Kg6 Rg8+ 44.
Kh7 Rdd8 45. Qf4+ Kd7 46. f7 Rgf8 47. Kg7 Ke7 48. Qe5+ Kd7 49. h5 Rh8 50. h6 Rdf8 51.
h7 c4 52. Qf6 b5 53. Kg6 a5 54. Qf5+ Ke7 55. Qxb5 Rxf7 56. Qb7+ Kd6 57. Qxf7 1-0

[Event "*** Titled Tuesday Blitz"]
[Site "Chess.com"]
[Date "2020.05.12"]
[Round "1"]
[White "Gandrade2"]
[Black "Willychess95"]
[Result "1-0"]
[WhiteElo "2061"]
[BlackElo "2475"]
[TimeControl "180+1"]
[EndTime "10:07:57 PDT"]
[Termination "Gandrade2 won by resignation"]

1. b3 Nf6 2. Bb2 g6 3. Bxf6 exf6 4. c4 Bg7 5. Nc3 O-O 6. g3 Nc6 7. Bg2 f5 8. Rc1 d6 9. e3 Rb8 10. d4 Re8 11. Nge2 f4 12. gxf4 Bg4 13. O-O Qh4 14. Qe1 Qh5 15. Ng3 Qh4 16. Nd5 Nxd4 17. f3 Bh3 18.
Nxc7 Rec8 19. Nd5 Re8 20. Nc7 Rec8 21. Nd5 Nc6 22. Rd1 Bxg2 23. Kxg2 b5 24. Rc1 bxc4 25. Rxc4 Qd8 26. Qc1 h5 27. Ne4 Na5 28. Rxc8 Rxc8 29. Qxc8 Qxc8 30. Ne7+ Kh7 31. Nxc8 f5 32. Nexd6 Nc6 33.
Rc1 Nb4 34. Nxa7 Nxa2 35. Rc7 Kh6 36. Ne8 Ba1 37. Nc6 g5 38. fxg5+ Kxg5 39. b4 f4 40.
exf4+ Kxf4 41. b5 Nc3 42. b6 Nd5 43. Rf7+ Ke3 44. b7 h4 45. b8=Q h3+ 46. Kxh3 1-0

[Event "*** Titled Tuesday Blitz"]
[Site "Chess.com"]
[Date "2020.05.12"]
[Round "1"]
[White "zane33"]
[Black "ENEASZ"]
[Result "0-1"]
[WhiteElo "1919"]
[BlackElo "2475"]
[TimeControl "180+1"]
[EndTime "10:07:57 PDT"]
[Termination "ENEASZ won on time"]

1. e4 d6 2. d4 Nf6 3. Nd2 e5 4. c3 g6 5. Bd3 Bg7 6. Ne2 O-O 7.
O-O Re8 8. Bc2 Nc6 9. d5 Ne7 10. Ng3 c6 11. dxc6 Nxc6 12. Nc4 Be6 13. Ne3 Rc8 14. h3 a6 15. Bb3 Na5 16. Bxe6 fxe6 17. Qe2 Qb6 18. Rd1 Red8 19. b4 Nc6 20. Nc4 Qc7 21.
Be3 Nb8 22. Nb6 Nbd7 23. Nxc8 Rxc8 24. Rac1 d5 25. Bd2 Nb6 26. c4 Nxc4 27. Bc3 d4 28. Ba1 b5 29. Nf1 Bh6 30. Rc2 Qb7 31. Bxd4 exd4 32. Rxd4 e5 33. Rd3 Qxe4 34. Qxe4 Nxe4 35. Rd7 Rc6 36. Ne3 Bxe3 37. fxe3 Nf6 38. Re7 Kf8 39. Ra7 Ke8 40. Rf2 e4 41. Ra8+ Ke7 42. Ra7+ Nd7 43. Re2 Nd6 44. Rd2 Ke6 45. Rd4 Nf6 46. Ra8 Nf5 47.
Rdd8 Nxe3 48. Rdb8 Rc2 49. Kh2 Rxg2+ 50. Kh1 Nh5 51.
Rxa6+ Kd5 52. Rd8+ Kc4 53. Rc6+ Kxb4 54. Rd4+ Ka5 55.
Ra6+ Kxa6 56. Rd6+ Ka5 0-1

[Event "*** Titled Tuesday Blitz"]
[Site "Chess.com"]
[Date "2020.05.12"]
[Round "1"]
[White "manmanlai1"]
[Black "cassoulet"]
[Result "0-1"]
[WhiteElo "2336"]
[BlackElo "2660"]
[TimeControl "180+1"]
[EndTime "10:07:58 PDT"]
[Termination "cassoulet won on time"]

1. e4 c5 2. Nf3 Nc6 3. Bb5 Nd4 4. Nxd4 cxd4 5. O-O Nf6 6. d3 g6 7. Bc4 d5 8. exd5 Bg7 9. Re1 O-O 10. Bg5 Nxd5 11.
Bxd5 Qxd5 12. Bxe7 Re8 13. Nd2 Bh3 14. Qf3 Qxf3 15.
Nxf3 Be6 16. Bc5 Rec8 17. Bxd4 Rxc2 18. Bxg7 Kxg7 19. Nd4 Rxb2 20. Nxe6+ fxe6 21. Rxe6 Rf8 22. f3 Rd8 23. Re3 Rc8 24. Kh1 Rcc2 25. Rg1 Kf7 26. a4 Ra2 27. Re4 Rd2 28. Rd4 Ke7 29. h4 Re2 30. Kh2 b6 31. Kh3 Kf6 32. h5 gxh5 33. Kh4 Rxg2 34. Rxg2 Rxg2 35. Kxh5 Kf5 36. Rd5+ Kf4 37.
Rd4+ Kf5 38. Rd5+ Ke6 39. Rd4 a5 40. Rf4 Ke5 41. Rf8 Kd4 42. Rb8 Rb2 43. Rd8+ Ke3 44. Kh6 Rh2+ 45. Kg7 Kxf3 46. d4 Ke4 47. d5 Rd2 48. d6 Kd5 49. d7 Kc6 50. Rc8+ Kxd7 51. Rc4 Rh2 0-1

[Event "*** Titled Tuesday Blitz"]
[Site "Chess.com"]
[Date "2020.05.12"]
[Round "1"]
[White "allvim"]
[Black "Mr_Sinigami"]
[Result "0-1"]
[WhiteElo "2282"]
[BlackElo "2596"]
[TimeControl "180+1"]
[EndTime "10:07:58 PDT"]
[Termination "Mr_Sinigami won on time"]

1. e4 c5 2. Nf3 e6 3. b3 Nc6 4. Bb2 Nf6 5. e5 Nd5 6. Be2 Be7 7. O-O Nf4 8. d4 cxd4 9. Nxd4 Nxe5 10. Nxe6 fxe6 11.
Bxe5 Nxe2+ 12. Qxe2 O-O 13. c4 b6 14. Qe4 Ba6 15.
Rd1 Qc8 16. Qd4 Bc5 17. Qg4 Bxf2+ 18. Kh1 Rf7 19. Rf1 Qf8 20. Nc3 Bb7 21. Nb5 Bc5 22. Rxf7 Qxf7 23. Nd6 Bxd6 24. Bxd6 Qf5 25. Qg3 h6 26.
Re1 Kh7 27. Rd1 Bc6 28. h3 Qg6 29. Qf2 Qf5 30. Qxf5+ exf5 31. Re1 Be4 32. Rd1 Re8 33. Kg1 Bc6 34. Kf2 g5 35. b4 a6 36. c5 bxc5 37. Bxc5 Re4 38. Rd6 Rc4 39. Rf6 f4 40. Rf7+ Kg6 41. Rf8 Rc2+ 42. Ke1 Rxg2 43. Rg8+ Kf7 44.
Rh8 Rxa2 45. Rxh6 a5 46. Rh7+ Kg6 47. Rh8 a4 48. Be7 f3 49. Kf1 Bb5+ 50. Kg1 f2+ 0-1

[Event "*** Titled Tuesday Blitz"]
[Site "Chess.com"]
[Date "2020.05.12"]
[Round "1"]
[White "Fandorine"]
[Black "mortngabriel"]
[Result "1-0"]
[WhiteElo "2862"]
[BlackElo "2440"]
[TimeControl "180+1"]
[EndTime "10:07:59 PDT"]
[Termination "Fandorine won on time"]

1. e4 c5 2. Nf3 Nc6 3. Bb5 g6 4. O-O Bg7 5. Re1 d6 6. e5 d5 7.
Bxc6+ bxc6 8. d3 Bg4 9. h3 Bxf3 10. Qxf3 e6 11. c4 Ne7 12. Nc3 Nf5 13. Bf4 h5 14. b3 g5 15. Bd2 g4 16. hxg4 Nd4 17. Qh3 Nc2 18. gxh5 Nxa1 19. Rxa1 Bxe5 20. Re1 Qf6 21. Na4 O-O-O 22. Nxc5 Bd4 23. Be3 Bxe3 24. fxe3 Qg5 25. Qf3 Qxh5 26. Qxh5 Rxh5 27. d4 Rg8 28. Nd3 dxc4 29. bxc4 Ra5 30. Re2 Ra3 31. Ne5 c5 32.
Nxf7 Rd3 33. Nd6+ Kd7 34. dxc5 Kc6 35. Ne4 Ra3 36. Kf2 Rf8+ 37. Kg3 Rd8 38. Kf4 Ra4 39. Rc2 Rf8+ 40. Ke5 Rg8 41. g3 Ra3 42. Re2 Ra4 43. Rd2 Rxc4 44. Rd6+ Kc7 45. Rxe6 Rg4 46. Kd5 Rc2 47.
Re7+ Kd8 48. Rxa7 Rg6 49. Nd6 Rd2+ 50. Kc6 1-0

[Event "*** Titled Tuesday Blitz"]
[Site "Chess.com"]
[Date "2020.05.12"]
[Round "1"]
[White "fidezivkovic"]
[Black "Y0ung_Capablanca"]
[Result "0-1"]
[WhiteElo "2364"]
[BlackElo "2703"]
[TimeControl "180+1"]
[EndTime "10:07:59 PDT"]
[Termination "Y0ung_Capablanca won on time"]

1. e4 Nf6 2. e5 Nd5 3. d4 d6 4.
c4 Nb6 5. exd6 cxd6 6. Nc3 g6 7. Be3 Bg7 8. Rc1 O-O 9. Be2 Nc6 10. d5 Ne5 11. b3 f5 12. f4 Ng4 13. Bxg4 fxg4 14. Nge2 Nd7 15. O-O Nf6 16. Nd4 Bd7 17. Qd2 Nh5 18. g3 Qa5 19. Rfe1 Rae8 20. Bf2 a6 21. Re2 Bf6 22. Rce1 Ng7 23. Ne4 Qxd2 24. Rxd2 Kf7 25.
Rde2 h6 26. a4 Bxd4 27. Bxd4 Nf5 28. Bf2 Rc8 29. a5 Rfe8 30. Nc3 Rg8 31. Ne4 Rce8 32. Bb6 e6 33. dxe6+ Rxe6 34. Nf2 Rxe2 35. Rxe2 Ne7 36. Ne4 Nc8 37. Bc7 Re8 38. Kf2 Re6 39. Nc3 Bc6 40. Nd5 Rxe2+ 41. Kxe2 Ke6 42. Ne3 Bf3+ 43. Kd3 Kd7 44. Bb8 Kc6 45. b4 h5 46. f5 gxf5 47.
Nxf5 Kd7 48. Kd4 Bd1 0-1

[Event "*** Titled Tuesday Blitz"]
[Site "Chess.com"]
[Date "2020.05.12"]
[Round "1"]
[White "Stronger1799"]
[Black "MilanovicDan"]
[Result "1-0"]
[WhiteElo "2321"]
[BlackElo "2563"]
[TimeControl "180+1"]
[EndTime "10:07:59 PDT"]
[Termination "Stronger1799 won on time"]

1. e4 d5 2. exd5 Qxd5 3. Nc3 Qd6 4. d4 Nf6 5. Nf3 c6 6. Bc4 Bg4 7. h3 Bxf3 8. Qxf3 Qxd4 9. Bb3 e6 10. Be3 Qd8 11.
Rd1 Nbd7 12. g4 Be7 13. g5 Nd5 14. Bd4 O-O 15. h4 Bc5 16. Ne4 Bxd4 17. Rxd4 b5 18. Qg3 Qb8 19. O-O Qxg3+ 20. Nxg3 Rac8 21. c4 bxc4 22. Bxc4 N7b6 23. Bb3 c5 24. Rd2 c4 25. Bc2 Rfd8 26. Rfd1 Rd7 27. Ne4 Kf8 28. a4 a5 29.
Kf1 Ke7 30. Ng3 Rh8 31. Nh5 Kf8 32. Be4 h6 33. g6 f6 34. Nf4 Ke7 35. Bxd5 exd5 36.
Nxd5+ Nxd5 37. Rxd5 Rxd5 38. Rxd5 Ra8 39. h5 Ke6 40.
Rb5 f5 41. Ke2 Kf6 42. f4 Ra6 43. Kd2 Re6 44. Kc3 Re4 45. Rb6+ Ke7 46. Rb7+ Kf8 47.
Rf7+ Kg8 48. Rxf5 Re3+ 49. Kxc4 Re2 50. b3 Re3 51. Rxa5 1-0

[Event "*** Titled Tuesday Blitz"]
[Site "Chess.com"]
[Date "2020.05.12"]
[Round "1"]
[White "ClassyEl"]
[Black "kinga2008"]
[Result "1/2-1/2"]
[WhiteElo "2527"]
[BlackElo "2203"]
[TimeControl "180+1"]
[EndTime "10:07:59 PDT"]
[Termination "Game drawn by repetition"]

1. d4 Nf6 2. Bg5 Ne4 3. Bf4 e5 4. Bxe5 d6 5. Bg3 h5 6. f3 Nxg3 7. hxg3 Qg5 8. Kf2 Be7 9. f4 Qg4 10. Qd3 h4 11. Ke1 Nc6 12. c3 d5 13. Qf3 Qf5 14.
Kd2 Na5 15. e3 Bd7 16. Bd3 Nc4+ 17. Kc2 Qe6 18. Bxc4 dxc4 19. e4 O-O-O 20. Nd2 hxg3 21. Rxh8 Rxh8 22. Qxg3 g5 23. f5 Qa6 24. Ngf3 Ba4+ 25.
b3 Bxb3+ 26. Nxb3 cxb3+ 27. Kxb3 b5 28. Kc2 Qa4+ 29. Kd2 Qa3 30. Qe5 Qb2+ 31. Kd3 Rd8 32. Rh1 Qxg2 33. Nd2 Qxh1 34. Qxe7 Qh3+ 35. Kc2 g4 36.
Qxf7 g3 37. Qe6+ Kb8 38. Qe7 Rg8 39. Qf7 Qg4 40. Qd5 a6 41. Qc6 g2 42. Qxa6 g1=Q 43. Qxb5+ Kc8 44. Qa6+ Kd7 45. Qe6+ Kd8 46. Qf6+ Kc8 47.
Qa6+ Kd7 48. Qb5+ Kd8 49. Qd5+ Kc8 50. Qe6+ Kb8 51. Qb3+ Ka8 52. Qa4+ Kb8 53. Qb5+ Ka7 54. Qa5+ Kb7 55. Qb5+ Kc8 56. Qa6+ 1/2-1/2

[Event "*** Titled Tuesday Blitz"]
[Site "Chess.com"]
[Date "2020.05.12"]
[Round "1"]
[White "szefru"]
[Black "Malev212"]
[Result "0-1"]
[WhiteElo "2106"]
[BlackElo "2505"]
[TimeControl "180+1"]
[EndTime "10:07:59 PDT"]
[Termination "Malev212 won by resignation"]

1. e4 e6 2. d4 d5 3. Nd2 a6 4. e5 c5 5. c3 Bd7 6. f4 Nh6 7. Bd3 Bb5 8. Bxb5+ axb5 9. Ne2 b4 10.
O-O bxc3 11. bxc3 Nc6 12. Qb3 Qd7 13. Rb1 Na5 14. Qc2 Be7 15. Ng3 Rc8 16. Qd3 g6 17.
Qb5 Qxb5 18. Rxb5 Nc6 19. Nf3 cxd4 20. cxd4 Rc7 21. Bd2 Kd7 22. Rfb1 Ra8 23. R1b2 Ra7 24. h3 Nf5 25. Nxf5 gxf5 26. Kf2 Ra3 27. g4 Rxf3+ 28. Kxf3 Nxd4+ 29. Kg3 Nxb5 30. Rxb5 fxg4 31. hxg4 Rc2 32. Bb4 Bxb4 33. Rxb4 Kc6 34. a4 Rc4 35. Rb1 Rxa4 36.
Rh1 Ra3+ 37. Kf2 b5 38. Rxh7 Ra7 39. g5 Rb7 40. Rh1 b4 41. Ke3 b3 42. Rb1 b2 43.
Kd3 Rb4 44. Ke3 Kc5 45. f5 exf5 46. Kd3 d4 47. e6 fxe6 48. g6 Rb3+ 49. Ke2 Rg3 50.
Rxb2 Rxg6 51. Rc2+ Kd5 52. Rc8 e5 53. Rd8+ Ke4 54.
Rf8 Ra6 55. Rb8 Ra2+ 56. Kd1 f4 57. Rb3 f3 58. Ke1 Kf4 59. Kf1 e4 60. Rb8 d3 0-1

[Event "*** Titled Tuesday Blitz"]
[Site "Chess.com"]
[Date "2020.05.12"]
[Round "1"]
[White "Berant"]
[Black "Fins0905"]
[Result "1-0"]
[WhiteElo "2345"]
[BlackElo "2608"]
[TimeControl "180+1"]
[EndTime "10:08:00 PDT"]
[Termination "Berant won by resignation"]

1. e4 c5 2. d4 cxd4 3. Nf3 e6 4. Nxd4 a6 5. Nc3 Qc7 6. Be2 Nf6 7. O-O Be7 8. Kh1 d6 9. f4 Nbd7 10. Be3 b5 11. Bf3 Bb7 12. a3 Nc5 13. e5 dxe5 14.
fxe5 Nfd7 15. Bxb7 Qxb7 16. Qg4 g6 17. Bg5 Nxe5 18. Qf4 Bd6 19. Qf6 Rg8 20. Nf3 Ncd7 21. Qf4 Nxf3 22. Qxd6 Nxg5 23. Rad1 Rc8 24. Nd5 exd5 25.
Rfe1+ Ne4 26. Rxd5 f5 27. Qe6+ Kd8 28. Qxg8+ Kc7 29.
Qe6 Rd8 30. h3 Qc6 31. Qf7 h5 32. Kh2 h4 33. Red1 Kc8 34. Qe7 Qc7+ 35. Kg1 Qa7+ 36. Kh2 Qc7+ 37. Kg1 Nec5 38. R1d4 Ne4 39. b4 Qc6 40.
Qf7 Kc7 41. Qe7 Kc8 42. Qf7 Kc7 43. Qe7 Nf6 44. Rc5 Re8 45. Rxc6+ Kxc6 46. Qd6+ Kb7 47. Rd1 Re4 48. Qd2 Kc7 49. Qf2 Kc6 50. Re1 Rxe1+ 51. Qxe1 Kd5 52. Qe7 Ne5 53. Qd8+ 1-0